[Event "Titled Tuesday Blitz May 4 2021"]
[White "Dimic, Pavle"]
[Black "Sarkar, Justin"]
[WhiteFideId "937428"]
[BlackFideId "2010011"]
[WhiteElo "2216"]
[BlackElo "2140"]
[Result "1-0"]
[Round "05"]
[TimeControl "180+1"]
[Date "2021.05.04"]
[WhiteClock "0:01:27"]
[BlackClock "0:00:01"]

1. d4 Nf6 2. c4 e6 3. Nc3 Bb4 4. e3 O-O 5. Bd2 d5 6. Nf3 b6 7. cxd5 exd5 8. Rc1 a5 9. Bd3 Ba6 10. Bxa6 Nxa6 11. O-O c5 12. dxc5 Nxc5 13. a3 Bxc3 14. Bxc3 Nfe4 15. Bd4 a4 16. Ne5 Nb3 17. Rc2 f6 18. Nd3 Qd6 19. f3 Nec5 20. Nb4 Rfd8 21. Qe2 Rac8 22. Rd1 Ne6 23. Bc3 d4 24. exd4 Nexd4 25. Bxd4 Nxd4 26. Qd2 Rxc2 27. Nxc2 Ne2+ 28. Qxe2 Qxd1+ 29. Kf2 Qxe2+ 30. Kxe2 Rc8 31. Kd3 Kf7 32. Ne3 Ke6 33. Nc4 b5 34. Nd2 Rc1 35. Ne4 Rh1 36. Nc3 f5 37. Nxb5 Rxh2 38. Nc3 Rxg2 39. Nxa4 h5 40. Nc5+ Kd5 41. b4 h4 42. Ke3 h3 43. Nd3 h2 44. Nf4+ Kd6 45. Nxg2 h1=Q 46. Nf4 Qe1+ 47. Ne2 1-0


[Site "https://www.chess.com"]

[Event "Titled Tuesday Blitz May 4 2021"]
[White "Dobrov, Vladimir"]
[Black "Deac, Bogdan-Daniel"]
[WhiteFideId "4136594"]
[BlackFideId "1226380"]
[WhiteElo "2614"]
[BlackElo "2605"]
[Result "1-0"]
[Round "05"]
[TimeControl "180+1"]
[Date "2021.05.04"]
[WhiteClock "0:00:25"]
[BlackClock "0:00:02"]

1. b3 e5 2. Bb2 Nc6 3. e3 Nf6 4. Bb5 e4 5. Ne2 d5 6. d3 Bd6 7. Nd2 exd3 8. cxd3 O-O 9. Nf3 Bb4+ 10. Kf1 Nb8 11. d4 Ne4 12. Bd3 Nd7 13. Ng3 Re8 14. Qc2 Ndf6 15. Ne5 Bf8 16. f3 Nd6 17. h4 Be6 18. Ne2 Rc8 19. g4 c5 20. dxc5 Nde4 21. b4 a5 22. a3 Nd7 23. Nxd7 Bxd7 24. fxe4 dxe4 25. Bc4 Bxg4 26. Nf4 Bf3 27. Bxf7+ Kh8 28. Rg1 Qxh4 29. Bxe8 Rxe8 30. Qf2 Qh6 31. Qg3 Rd8 32. Bc3 Qa6+ 33. Kf2 Rd7 34. Ng6+ hxg6 35. Qh3+ Kg8 36. Qxd7 Qc4 37. Qd4 1-0


[Site "https://www.chess.com"]

[Event "Titled Tuesday Blitz May 4 2021"]
[White "Dogan, Mire Deniz"]
[Black "Royal, Shreyas"]
[WhiteFideId "6317456"]
[BlackFideId "448869"]
[WhiteElo "1850"]
[BlackElo "1931"]
[Result "0-1"]
[Round "05"]
[TimeControl "180+1"]
[Date "2021.05.04"]
[WhiteClock "0:00:14"]
[BlackClock "0:01:29"]

1. e4 e5 2. Nf3 Nc6 3. d3 Nf6 4. c3 d5 5. exd5 Nxd5 6. Be2 Be7 7. O-O O-O 8. a4 a5 9. Nbd2 Bf5 10. Ne4 Bg6 11. Bg5 Bxg5 12. Nfxg5 Nf4 13. g3 Nxe2+ 14. Qxe2 Qe7 15. Nf3 Rad8 16. Rfd1 Bh5 17. h3 f5 18. Ned2 Rfe8 19. Re1 Qf6 20. Kg2 g5 21. Qe3 h6 22. Nc4 e4 23. dxe4 Rxe4 24. Qc5 b6 25. Qb5 Na7 26. Qa6 Bxf3+ 27. Kxf3 Qc6 28. Ne3 Rxe3+ 29. Kxe3 Qe4# 0-1


[Site "https://www.chess.com"]

[Event "Titled Tuesday Blitz May 4 2021"]
[White "Domingo Nunez, Alejandro"]
[Black "Matveeva, Olga"]
[WhiteFideId "22245561"]
[BlackFideId "24107018"]
[WhiteElo "2269"]
[BlackElo "2108"]
[Result "0-1"]
[Round "05"]
[TimeControl "180+1"]
[Date "2021.05.04"]
[WhiteClock "0:00:02"]
[BlackClock "0:00:27"]

1. e4 e6 2. Nf3 d5 3. Nc3 Nf6 4. e5 Nfd7 5. d4 c5 6. dxc5 Bxc5 7. Bd3 Nc6 8. Bf4 Qb6 9. O-O a6 10. Na4 Qc7 11. Nxc5 Nxc5 12. a3 Nxd3 13. cxd3 O-O 14. d4 Bd7 15. Rc1 Qb6 16. Qd2 Rfc8 17. Rfd1 Na5 18. b4 Nc4 19. Qd3 Ba4 20. Re1 Bb5 21. Qb1 Nxa3 22. Qb3 Nc4 23. Ng5 h6 24. Nf3 a5 25. bxa5 Rxa5 26. Nd2 Rca8 27. Nxc4 dxc4 28. Rxc4 Ra3 29. Qb4 Qa6 30. Rc7 Bc6 31. Qe7 Rf8 32. h3 Ra1 33. Rxa1 Qxa1+ 34. Kh2 Qxd4 35. Bg3 Qe4 36. f3 Qg6 37. Qd6 Ra8 0-1


[Site "https://www.chess.com"]

[Event "Titled Tuesday Blitz May 4 2021"]
[White "Dovbnia, Nikita"]
[Black "de Leon, Patricia"]
[WhiteFideId "54104599"]
[BlackFideId "3000273"]
[WhiteElo "2056"]
[BlackElo "1989"]
[Result "1-0"]
[Round "05"]
[TimeControl "180+1"]
[Date "2021.05.04"]
[WhiteClock "0:01:39"]
[BlackClock "0:00:01"]

1. e4 e6 2. d4 f5 3. exf5 exf5 4. Nf3 Nf6 5. Bd3 d6 6. O-O Be7 7. Re1 O-O 8. Nc3 c6 9. Ng5 d5 10. Ne6 Bxe6 11. Rxe6 Ne4 12. f3 Nxc3 13. bxc3 Nd7 14. Qe2 Bg5 15. Ba3 Rf7 16. Re1 Qc7 17. Re8+ Rxe8 18. Qxe8+ Nf8 19. c4 Qd7 20. cxd5 cxd5 21. c4 dxc4 22. Qxd7 Rxd7 23. Bxc4+ Kh8 24. Bxf8 Rxd4 25. Bb3 h6 26. Bc5 Rd2 27. Bxa7 b5 28. Bf7 Bf6 29. Bg6 1-0


[Site "https://www.chess.com"]

[Event "Titled Tuesday Blitz May 4 2021"]
[White "Dowgird, Filip"]
[Black "Onyshchuk, Volodymyr"]
[WhiteFideId "1121235"]
[BlackFideId "14114038"]
[WhiteElo "2209"]
[BlackElo "2605"]
[Result "0-1"]
[Round "05"]
[TimeControl "180+1"]
[Date "2021.05.04"]
[WhiteClock "0:00:35"]
[BlackClock "0:00:16"]

1. d4 d6 2. Nf3 Nf6 3. Bg5 g6 4. Bxf6 exf6 5. e3 Bg7 6. h4 h5 7. Nc3 O-O 8. Bc4 Bg4 9. Qd3 c6 10. Bb3 d5 11. e4 dxe4 12. Nxe4 Bxf3 13. gxf3 f5 14. O-O-O fxe4 15. fxe4 c5 16. e5 Qxd4 17. Qxg6 Qf4+ 18. Kb1 c4 19. Qxh5 cxb3 20. Rhg1 bxc2+ 21. Kxc2 Rc8+ 22. Kb1 Na6 23. Rg4 Qxf2 24. Ka1 Rc6 25. a3 Rg6 26. Rxg6 fxg6 27. Qxg6 Qf7 28. Qg5 Re8 29. Rg1 Kh7 30. Re1 Nc5 31. h5 Ne6 32. Qg4 Bh6 33. Qe4+ Kh8 34. Rg1 Rg8 35. Rg6 Rxg6 36. hxg6 Qd7 37. Qh4 Kg7 38. Qf6+ Kg8 0-1


[Site "https://www.chess.com"]

[Event "Titled Tuesday Blitz May 4 2021"]
[White "Dudzinski, Pawel"]
[Black "Suarez Uriel, Adrian"]
[WhiteFideId "1117890"]
[BlackFideId "22230874"]
[WhiteElo "2193"]
[BlackElo "2299"]
[Result "0-1"]
[Round "05"]
[TimeControl "180+1"]
[Date "2021.05.04"]
[WhiteClock "0:00:30"]
[BlackClock "0:00:38"]

1. e4 c5 2. Nc3 Nc6 3. g3 g6 4. Bg2 Bg7 5. d3 d6 6. Be3 Nf6 7. h3 O-O 8. f4 Rb8 9. Nge2 Bd7 10. g4 b5 11. Ng3 b4 12. Nce2 Ne8 13. d4 cxd4 14. Nxd4 Nc7 15. Nxc6 Bxc6 16. Bxa7 Bxb2 17. Bxb8 Bc3+ 18. Kf2 Qxb8 19. Rb1 Qb6+ 20. Kf3 f5 21. Qd3 fxe4+ 22. Nxe4 Nd5 23. Qc4 Rxf4+ 24. Kg3 Be5 25. Kh4 e6 26. Rhf1 Qd8+ 0-1


[Site "https://www.chess.com"]

[Event "Titled Tuesday Blitz May 4 2021"]
[White "Dushyant Sharma"]
[Black "Fajdetic, Hrvoje"]
[WhiteFideId "25065130"]
[BlackFideId "14501945"]
[WhiteElo "2019"]
[BlackElo "2153"]
[Result "1-0"]
[Round "05"]
[TimeControl "180+1"]
[Date "2021.05.04"]
[WhiteClock "0:00:25"]
[BlackClock "0:00:02"]

1. e4 e6 2. Nf3 d5 3. exd5 exd5 4. d4 Bd6 5. Bd3 Ne7 6. c3 O-O 7. Be3 Bf5 8. O-O Bxd3 9. Qxd3 Nbc6 10. Nbd2 Qd7 11. Rae1 Qf5 12. Qxf5 Nxf5 13. Re2 Rfe8 14. Rfe1 h5 15. h3 f6 16. b3 Re7 17. c4 dxc4 18. bxc4 Rae8 19. d5 Ncd4 20. Nxd4 Nxd4 21. Kf1 Nxe2 22. Rxe2 Bc5 23. Nf3 Bxe3 24. fxe3 Rxe3 25. Rc2 Rd8 26. Kf2 Re4 27. Rb2 Rxc4 28. Rxb7 Rxd5 29. Rxa7 Rc2+ 30. Kg3 Kh7 31. a4 Rdc5 32. a5 Ra2 33. a6 Rcc2 34. Kf4 Rxg2 35. Rxc7 Rxa6 36. Rc3 Ra4+ 37. Kf5 Rga2 38. Ne1 R2a3 39. Rc7 Rc3 40. Rxc3 Ra5+ 41. Kf4 g5+ 42. Kg3 Kg6 43. Nf3 h4+ 44. Kf2 Ra4 45. Ke3 Rf4 46. Rc6 Kf5 47. Ra6 Kg6 48. Ne5+ Kf5 49. Ng4 Re4+ 50. Kf3 Rf4+ 51. Kg2 Kg6 52. Rb6 Kg7 53. Ne3 f5 54. Nd5 Rd4 55. Ne7 1-0


[Site "https://www.chess.com"]

[Event "Titled Tuesday Blitz May 4 2021"]
[White "Elissalt Cardenas, Hector"]
[Black "Torkkola, Henri"]
[WhiteFideId "3500632"]
[BlackFideId "507660"]
[WhiteElo "2215"]
[BlackElo "2137"]
[Result "0-1"]
[Round "05"]
[TimeControl "180+1"]
[Date "2021.05.04"]
[WhiteClock "0:00:01"]
[BlackClock "0:00:09"]

1. d4 g6 2. h4 h5 3. e4 Bg7 4. Nc3 d6 5. Bc4 Nf6 6. f3 O-O 7. Nge2 a6 8. a4 Nc6 9. Be3 e5 10. Qd2 exd4 11. Nxd4 Ne5 12. Be2 c5 13. Nb3 Be6 14. Rd1 Bxb3 15. cxb3 Re8 16. Qxd6 Qxd6 17. Rxd6 Rac8 18. O-O Bf8 19. Rdd1 Nc6 20. Bc4 Nd4 21. Kh1 Kg7 22. Rxd4 cxd4 23. Bxd4 Bc5 24. Bxf6+ Kxf6 25. Nd5+ Kg7 26. g3 Bd4 27. Kg2 Bxb2 28. Re1 Bc3 29. Re2 Rb8 30. Bd3 Bd4 31. Rc2 b5 32. axb5 axb5 33. Rc7 Kf8 34. Rd7 Bf6 35. f4 Be7 36. e5 Ba3 37. Kf3 Red8 38. Rxd8+ Rxd8 39. Ke4 Rb8 40. Nc7 b4 41. Nd5 Bb2 42. Bc4 Bc3 43. Nf6 Ke7 44. Nd5+ Kd8 45. f5 gxf5+ 46. Kxf5 Ke8 47. Be2 Kf8 48. Bxh5 Re8 0-1


[Site "https://www.chess.com"]

[Event "Titled Tuesday Blitz May 4 2021"]
[White "Escalante Ramirez, Brian Sebasti"]
[Black "Hess, Robert"]
[WhiteFideId "3819566"]
[BlackFideId "2022036"]
[WhiteElo "2193"]
[BlackElo "2557"]
[Result "0-1"]
[Round "05"]
[TimeControl "180+1"]
[Date "2021.05.04"]
[WhiteClock "0:00:04"]
[BlackClock "0:00:02"]

1. e4 g6 2. d4 Bg7 3. Nf3 a6 4. a4 d6 5. Bc4 e6 6. O-O Ne7 7. Nc3 Nd7 8. a5 O-O 9. Re1 b5 10. axb6 cxb6 11. d5 e5 12. Qe2 Bb7 13. h4 b5 14. Bb3 Nc5 15. h5 gxh5 16. Nh4 Nxd5 17. Nf5 Nxc3 18. bxc3 Bxe4 19. Nxg7 Kxg7 20. Qxh5 Qf6 21. Re3 Kh8 22. Rh3 Qg6 23. Bg5 f6 24. Qxg6 Bxg6 25. Bh6 Nxb3 26. cxb3 Rfc8 27. f4 Kg8 28. Rd1 Rc6 29. fxe5 fxe5 30. c4 bxc4 31. bxc4 Kf7 32. Rb3 Ke6 33. Rb7 Rxc4 34. Bg5 Rd4 35. Re7+ Kd5 36. Rc1 a5 37. Be3 Rd3 38. Bb6 a4 39. Bc7 a3 40. Re1 a2 41. Rd7 a1=Q 42. Rxd6+ Kc4 0-1


[Site "https://www.chess.com"]

[Event "Titled Tuesday Blitz May 4 2021"]
[White "Escobar Forero, Alder"]
[Black "Martin, Lewis"]
[WhiteFideId "4400801"]
[BlackFideId "410551"]
[WhiteElo "2513"]
[BlackElo "2145"]
[Result "1-0"]
[Round "05"]
[TimeControl "180+1"]
[Date "2021.05.04"]
[WhiteClock "0:00:37"]
[BlackClock "0:00:33"]

1. d4 d5 2. Nf3 Nf6 3. Bg5 Ne4 4. Bf4 c5 5. c4 e6 6. Nc3 Nxc3 7. bxc3 Nc6 8. e3 Qa5 9. Qb3 Be7 10. cxd5 exd5 11. Be2 O-O 12. O-O c4 13. Qc2 g6 14. Nd2 Bf5 15. e4 dxe4 16. Nxc4 Qd8 17. g4 Be6 18. Qxe4 Bd5 19. Qe3 Re8 20. Qh3 Qd7 21. Ne3 Be6 22. Qg2 Bf8 23. d5 Bxd5 24. Nxd5 Bg7 25. Bb5 a6 26. Bxc6 Qxc6 27. Nc7 Qxg2+ 28. Kxg2 Rac8 29. Nxe8 Rxe8 1-0


[Site "https://www.chess.com"]

[Event "Titled Tuesday Blitz May 4 2021"]
[White "Estrada Nieto, Julian"]
[Black "Kett, Tim"]
[WhiteFideId "5101018"]
[BlackFideId "1801210"]
[WhiteElo "2270"]
[BlackElo "2098"]
[Result "1/2-1/2"]
[Round "05"]
[TimeControl "180+1"]
[Date "2021.05.04"]
[WhiteClock "0:00:06"]
[BlackClock "0:01:03"]

1. e4 e5 2. Nf3 Nc6 3. Bb5 Nge7 4. Nc3 g6 5. d4 exd4 6. Nd5 Bg7 7. Bg5 f6 8. Nxf6+ Kf7 9. Nd5 h6 10. Bxc6 hxg5 11. Nxg5+ Kg8 12. Nxe7+ Qxe7 13. Bd5+ Kf8 14. Qf3+ Qf6 15. O-O-O d3 16. Rxd3 c6 17. Bb3 d5 18. exd5 Bf5 19. Ne6+ Kf7 20. Nxg7 Bxd3 21. Qxd3 Kxg7 22. dxc6 bxc6 23. Qd7+ Kh6 24. Qh3+ Kg7 25. Qd7+ Kh6 26. Qh3+ Kg7 27. Qd7+ 1/2-1/2


[Site "https://www.chess.com"]

[Event "Titled Tuesday Blitz May 4 2021"]
[White "Eynullayev, Atilla"]
[Black "Omk124"]
[WhiteFideId "13413570"]
[WhiteElo "1997"]
[BlackElo "2592"]
[Result "1-0"]
[Round "05"]
[TimeControl "180+1"]
[Date "2021.05.04"]
[WhiteClock "0:00:15"]
[BlackClock "0:01:13"]

1. e4 g6 2. d4 Bg7 3. Nc3 c6 4. Be3 d5 5. f3 dxe4 6. fxe4 Nf6 7. h3 O-O 8. Qd2 e5 9. O-O-O exd4 10. Bxd4 Qe7 11. Qf2 Nbd7 12. Nf3 c5 13. Be3 b6 14. Nd5 Nxd5 15. exd5 Re8 16. Re1 Qd6 17. Bb5 a6 18. Bc6 Rb8 19. Bg5 Ne5 20. Nxe5 Bxe5 21. Rhf1 f5 22. Bxe8 Qxd5 23. Kb1 Be6 24. b3 Rxe8 25. Rd1 Bd4 26. Be3 Bxe3 27. Qxe3 Qxg2 28. Rfe1 Bf7 29. Qc3 Qc6 30. Rxe8+ Qxe8 31. Qf6 b5 32. Rd8 c4 33. Rxe8+ Bxe8 34. Qxa6 cxb3 35. cxb3 f4 36. Qf6 Bd7 37. Qxf4 Bf5+ 38. Kb2 Bxh3 39. Qb8+ Kg7 40. Qxb5 h5 41. Qb7+ Kh8 42. Qe7 Bf5 43. a4 h4 44. Qxh4+ Kg7 45. Qg5 Kf7 46. a5 Ke6 47. a6 Be4 48. a7 Bd5 49. Qxd5+ Kxd5 50. a8=Q+ Ke6 51. Qg8+ Kf6 52. b4 1-0


[Site "https://www.chess.com"]

[Event "Titled Tuesday Blitz May 4 2021"]
[White "Ezat, Mohamed"]
[Black "Jakubowska, Anna"]
[WhiteFideId "10600906"]
[BlackFideId "1121952"]
[WhiteElo "2417"]
[BlackElo "2006"]
[Result "1-0"]
[Round "05"]
[TimeControl "180+1"]
[Date "2021.05.04"]
[WhiteClock "0:01:16"]
[BlackClock "0:00:28"]

1. d4 d5 2. c4 c6 3. Nc3 Nf6 4. cxd5 cxd5 5. Bf4 a6 6. e3 Nc6 7. Bd3 g6 8. h3 Bg7 9. Nf3 O-O 10. Rc1 Bf5 11. Bxf5 gxf5 12. g4 Qd7 13. Ne5 Qe6 14. Qd3 Ne4 15. gxf5 Qxf5 16. Nxd5 Rad8 17. Nxc6 Kh8 18. Ndxe7 Qe6 19. Nxd8 Qxe7 20. Ke2 Rxd8 21. Rc7 Qe6 22. Qc4 Qe8 23. Rg1 Rd7 24. Rc8 Rd8 25. Rxd8 Qxd8 26. Qxf7 1-0


[Site "https://www.chess.com"]

[Event "Titled Tuesday Blitz May 4 2021"]
[White "Fanha, Paulo"]
[Black "Novikova, Galina"]
[WhiteFideId "1902148"]
[BlackFideId "4157095"]
[WhiteElo "1851"]
[BlackElo "1966"]
[Result "0-1"]
[Round "05"]
[TimeControl "180+1"]
[Date "2021.05.04"]
[WhiteClock "0:00:03"]
[BlackClock "0:00:12"]

1. Nf3 d5 2. c4 d4 3. e3 c5 4. b4 Nc6 5. bxc5 e5 6. exd4 exd4 7. d3 Bxc5 8. Be2 Nf6 9. O-O O-O 10. Ba3 Qe7 11. Bxc5 Qxc5 12. Nbd2 Bf5 13. Nh4 Be6 14. Bf3 Qg5 15. Bxc6 bxc6 16. Nhf3 Qf4 17. Qe2 Bf5 18. Qe5 Qxe5 19. Nxe5 c5 20. Ndf3 Rab8 21. Rab1 h6 22. Nc6 Rxb1 23. Rxb1 Bxd3 24. Rc1 a6 25. Nfe5 Be4 26. f3 Bxc6 27. Nxc6 Re8 28. Kf2 Kh7 29. Rb1 d3 30. Rd1 Re2+ 31. Kf1 Rxa2 32. Rxd3 Ra4 33. Ne5 Nh5 34. g3 f6 35. Nd7 Rxc4 36. Nb8 a5 37. Rd7 a4 38. Ra7 Rb4 39. Nd7 Rb1+ 40. Kf2 Ra1 0-1


[Site "https://www.chess.com"]

[Event "Titled Tuesday Blitz May 4 2021"]
[White "Ferguson, Randal"]
[Black "Jary, Sergey"]
[WhiteFideId "30903106"]
[BlackFideId "14110350"]
[WhiteElo "2128"]
[BlackElo "2260"]
[Result "0-1"]
[Round "05"]
[TimeControl "180+1"]
[Date "2021.05.04"]
[WhiteClock "0:00:02"]
[BlackClock "0:01:14"]

1. e4 c6 2. c4 g6 3. Nc3 Bg7 4. d4 Na6 5. Nf3 Nc7 6. d5 d6 7. Be2 Bd7 8. O-O Nf6 9. h3 O-O 10. Be3 e5 11. Nd2 c5 12. f4 exf4 13. Bxf4 Qe7 14. Qc2 h6 15. Rae1 Rfe8 16. Bd1 Nh7 17. a4 g5 18. Bg3 Be5 19. Bxe5 dxe5 20. Nb5 Bxb5 21. axb5 Rf8 22. Bg4 Ne8 23. Qc3 Nhf6 24. Bf5 Nd6 25. b3 Kg7 26. Qg3 Nh5 27. Qg4 Nf4 28. Nf3 Rfe8 29. g3 Ng6 30. h4 Rh8 31. hxg5 h5 32. Qh3 a6 33. b6 Raf8 34. Nh4 Qxg5 35. Rf3 Nxh4 36. Qxh4 Qxh4 37. gxh4 Rfg8 38. Kh2 Kf8 39. Bd7 Ke7 40. Bh3 Rg6 41. Bf5 Rg7 42. Re2 Rhg8 43. Ref2 Rg1 44. Bh3 R8g6 45. Bf5 Rg7 46. Bh3 Nxe4 47. Re2 R1g4 48. Bxg4 Rxg4 49. Rfe3 f5 50. Kh3 Kf6 51. Rxe4 fxe4 52. Rf2+ Rf4 53. Rg2 e3 54. Re2 Rf3+ 55. Kg2 e4 56. Kg1 Ke5 57. Ra2 Rf6 0-1


[Site "https://www.chess.com"]

[Event "Titled Tuesday Blitz May 4 2021"]
[White "Fernandez, Michael"]
[Black "Demin, Vladimir"]
[WhiteFideId "5803560"]
[BlackFideId "4167457"]
[WhiteElo "2110"]
[BlackElo "2464"]
[Result "0-1"]
[Round "05"]
[TimeControl "180+1"]
[Date "2021.05.04"]
[WhiteClock "0:00:37"]
[BlackClock "0:01:39"]

1. e4 e5 2. f4 d5 3. exd5 exf4 4. Nc3 Nf6 5. Nf3 Nxd5 6. Bc4 Nxc3 7. bxc3 Bd6 8. O-O O-O 9. d4 Be6 10. Bd3 Nd7 11. h4 Bg4 12. Qe1 Re8 13. Qf2 Nf6 14. Ne5 Rxe5 15. dxe5 Bxe5 16. Bxf4 Bxc3 17. Rab1 Qd5 18. Kh1 Re8 19. Bg5 h6 20. Bxf6 Bxf6 21. Bf5 Re2 22. Bxg4 Rxf2 23. Rxf2 Qe4 24. Rxf6 gxf6 25. Bf3 Qxh4+ 26. Kg1 Qd4+ 27. Kh1 b6 0-1


[Site "https://www.chess.com"]

[Event "Titled Tuesday Blitz May 4 2021"]
[White "Fier, Alexandr"]
[Black "Piesik, Piotr"]
[WhiteFideId "2107139"]
[BlackFideId "1136194"]
[WhiteElo "2569"]
[BlackElo "2369"]
[Result "1-0"]
[Round "05"]
[TimeControl "180+1"]
[Date "2021.05.04"]
[WhiteClock "0:01:08"]
[BlackClock "0:01:07"]

1. d4 c5 2. e4 cxd4 3. Nf3 d6 4. Nxd4 Nf6 5. Nc3 a6 6. Bg5 e6 7. f4 h6 8. Bh4 Be7 9. Qf3 Qc7 10. O-O-O Nbd7 11. Be2 b5 12. e5 Bb7 13. Qg3 dxe5 14. f5 Rc8 15. Nxe6 fxe6 16. Qg6+ Kf8 17. fxe6 Kg8 18. Qf7+ Kh7 19. exd7 Ba3 20. Bxf6 Bxb2+ 21. Kb1 Rhg8 22. Bd3+ Kh8 23. Qg6 e4 24. Qxh6# 1-0


[Site "https://www.chess.com"]

[Event "Titled Tuesday Blitz May 4 2021"]
[White "Foerster-Yialamas, Lucas"]
[Black "Albuquerque Junior,Wellington S."]
[WhiteFideId "30901774"]
[BlackFideId "2151480"]
[WhiteElo "1744"]
[BlackElo "2042"]
[Result "1-0"]
[Round "05"]
[TimeControl "180+1"]
[Date "2021.05.04"]
[WhiteClock "0:01:54"]
[BlackClock "0:00:15"]

1. e4 c5 2. Nf3 d6 3. d4 cxd4 4. Nxd4 Nf6 5. Nc3 Nc6 6. Bg5 Bd7 7. f3 Rc8 8. Bxf6 gxf6 9. Qd2 h5 10. h4 a6 11. Nxc6 Bxc6 12. Bd3 Qb6 13. O-O-O e6 14. Kb1 Rd8 15. g4 d5 16. exd5 Bxd5 17. Qf4 e5 18. Qd2 Bb4 19. Nxd5 Rxd5 20. c3 Be7 21. Qe2 Kf8 22. gxh5 Rxh5 23. f4 Rh8 24. f5 Bd6 25. h5 Ke7 26. h6 Qd8 27. h7 Bc5 28. Bc4 Rxd1+ 29. Rxd1 Qb6 30. Qh5 1-0


[Site "https://www.chess.com"]

[Event "Titled Tuesday Blitz May 4 2021"]
[White "Gabriel, Robert"]
[Black "Myers, Dominique"]
[WhiteFideId "4606477"]
[BlackFideId "2041715"]
[WhiteElo "2203"]
[BlackElo "1986"]
[Result "0-1"]
[Round "05"]
[TimeControl "180+1"]
[Date "2021.05.04"]
[WhiteClock "0:00:02"]
[BlackClock "0:01:41"]

1. d4 Nf6 2. c4 g6 3. Nc3 d5 4. cxd5 Nxd5 5. e4 Nxc3 6. bxc3 Bg7 7. Bc4 O-O 8. Ne2 Nc6 9. O-O b6 10. Qd3 Na5 11. Ba6 e5 12. Bxc8 Qxc8 13. Be3 Rd8 14. f4 exd4 15. cxd4 c5 16. e5 cxd4 17. Nxd4 Qd7 18. Rad1 Rac8 19. Qb5 Nc4 20. Qxd7 Rxd7 21. Bf2 Rcd8 22. Rc1 Rxd4 23. Bxd4 Rxd4 24. Rfd1 Rxf4 25. Rd8+ Bf8 26. Ra8 a5 27. a4 Kg7 28. g3 Bc5+ 29. Kg2 Rf2+ 30. Kh3 Nxe5 31. g4 g5 32. Rd1 Ng6 33. Rdd8 Nh4 34. Rg8+ Kh6 35. Rac8 Rf3# 0-1


[Site "https://www.chess.com"]

[Event "Titled Tuesday Blitz May 4 2021"]
[White "Gandhi, Shyam"]
[Black "Luberanski, Jakub"]
[WhiteFideId "2052008"]
[BlackFideId "21830509"]
[WhiteElo "1951"]
[BlackElo "2078"]
[Result "1-0"]
[Round "05"]
[TimeControl "180+1"]
[Date "2021.05.04"]
[WhiteClock "0:00:19"]
[BlackClock "0:00:04"]

1. c4 e5 2. Nc3 Nf6 3. g3 d5 4. cxd5 Nxd5 5. Bg2 Nb6 6. Nf3 Nc6 7. O-O Be7 8. d3 O-O 9. Be3 Be6 10. Rc1 Qd7 11. a3 f6 12. Ne4 Nd5 13. Nc5 Bxc5 14. Bxc5 Rfd8 15. Qc2 Rac8 16. Nd2 b6 17. Be3 Nce7 18. Nc4 c5 19. Bd2 Nc6 20. Bc3 Qc7 21. Ne3 Qf7 22. Nxd5 Bxd5 23. Qa4 Bxg2 24. Kxg2 Qb7 25. Kg1 Ne7 26. Qb3+ Qd5 27. Qc2 Rd7 28. Bd2 Rdc7 29. b4 c4 30. dxc4 Rxc4 31. Qb2 b5 32. Be3 a6 33. Bc5 Nf5 34. Rcd1 Qe6 35. Qd2 Nd4 36. Qe3 Rd8 37. Rc1 Rxc1 38. Rxc1 Nf5 39. Qe4 g6 40. Qf3 e4 41. Qc3 e3 42. Bxe3 Nxe3 43. Qxe3 Qxe3 44. fxe3 Rd2 45. Kf2 Ra2 46. Rc3 Kf7 47. e4 Ke6 48. Rc6+ Ke5 49. Rxa6 Kxe4 50. Rxf6 Rxa3 51. Rb6 Rb3 52. Rxb5 Rb2 53. Rb8 g5 54. Re8+ Kf5 55. Rb8 Kg4 56. b5 h5 57. b6 Kh3 58. b7 Kxh2 59. Rh8 1-0


[Site "https://www.chess.com"]

[Event "Titled Tuesday Blitz May 4 2021"]
[White "Garakov, Mikhael"]
[Black "Porter, Ryan W"]
[WhiteFideId "4169034"]
[BlackFideId "2011239"]
[WhiteElo "2367"]
[BlackElo "2402"]
[Result "0-1"]
[Round "05"]
[TimeControl "180+1"]
[Date "2021.05.04"]
[WhiteClock "0:00:04"]
[BlackClock "0:00:10"]

1. e4 d6 2. d4 Nf6 3. Nc3 g6 4. f4 Bg7 5. Nf3 O-O 6. Bd3 Nc6 7. e5 dxe5 8. fxe5 Nh5 9. Be3 Bg4 10. Be2 f6 11. O-O fxe5 12. Ng5 Rxf1+ 13. Qxf1 Bxe2 14. Qf7+ Kh8 15. Qe6 Nxd4 16. Nf7+ Kg8 17. Nxd8+ Nxe6 18. Nxe6 Bc4 19. Ng5 Nf4 20. Re1 h6 21. Nge4 Nd5 22. Bd2 Rd8 23. b3 Nxc3 24. Bxc3 Bd5 25. Nf2 e4 26. Bxg7 Kxg7 27. Rd1 Rd6 28. Re1 Re6 29. Ng4 Bc6 30. Ne3 Rd6 31. Re2 Bb5 32. c4 Bc6 33. Kf2 Rd3 34. Ke1 a5 35. Nd1 h5 36. Nf2 Rd4 37. Re3 Kf6 38. Ke2 Ke5 39. g3 b5 40. Rc3 bxc4 41. bxc4 Rxc4 42. Rxc4 Bb5 43. Ke3 Bxc4 44. a3 Bd5 45. Nd1 c5 46. Nc3 Bc6 47. h4 e6 48. Nd1 Kd5 49. Nb2 c4 50. Nd1 Kc5 51. Nc3 Bd5 52. Nd1 Kd6 53. Nc3 Kc5 54. Nd1 c3 55. Nxc3 Kc4 56. Nb1 Kb3 57. Kd4 Kb2 58. Nc3 Kxa3 59. Nb5+ Kb4 60. Nc3 a4 61. Nb1 a3 62. g4 a2 63. Na3 Kxa3 0-1


[Site "https://www.chess.com"]

[Event "Titled Tuesday Blitz May 4 2021"]
[White "Garcia Fuentes, Sergio Miguel"]
[Black "Rios Parra, Alejandro"]
[WhiteFideId "7300549"]
[BlackFideId "4400348"]
[WhiteElo "2167"]
[BlackElo "2188"]
[Result "0-1"]
[Round "05"]
[TimeControl "180+1"]
[Date "2021.05.04"]
[WhiteClock "0:00:02"]
[BlackClock "0:01:07"]

1. Nf3 Nf6 2. g3 b6 3. Bg2 Bb7 4. O-O c5 5. c4 e6 6. d4 Be7 7. d5 exd5 8. Nh4 g6 9. Nc3 O-O 10. cxd5 d6 11. Bh6 Re8 12. e4 a6 13. a4 Nbd7 14. f4 Rb8 15. Re1 Qc7 16. Bg5 c4 17. Kh1 Nc5 18. e5 Nh5 19. Bf3 Ng7 20. Bxe7 Rxe7 21. Qd4 Nb3 22. Qf2 Nxa1 23. Rxa1 dxe5 24. d6 Qxd6 0-1


[Site "https://www.chess.com"]

[Event "Titled Tuesday Blitz May 4 2021"]
[White "Garcia, Gabriel Gonzaga"]
[Black "Quirke, Jeffrey"]
[WhiteFideId "2138956"]
[BlackFideId "2013029"]
[WhiteElo "2240"]
[BlackElo "2241"]
[Result "1-0"]
[Round "05"]
[TimeControl "180+1"]
[Date "2021.05.04"]
[WhiteClock "0:00:41"]
[BlackClock "0:00:07"]

1. d4 d5 2. Nc3 c6 3. e3 Bf5 4. Bd3 Bxd3 5. cxd3 g6 6. Nge2 Bg7 7. O-O Nf6 8. e4 dxe4 9. dxe4 O-O 10. Bg5 Na6 11. Qb3 Qd7 12. Rad1 b6 13. h3 Nc7 14. Rfe1 Rfe8 15. Nf4 Rad8 16. Nd3 Qxd4 17. Nb4 Qc5 18. Be3 Rxd1 19. Rxd1 Qh5 20. Nxc6 Qh4 21. e5 Nh5 22. Rd7 Ne6 23. Nd5 Nhf4 24. Ncxe7+ Kh8 25. Nxf4 Nxf4 26. Qxf7 Nxh3+ 27. gxh3 Rf8 28. Nxg6+ 1-0


[Site "https://www.chess.com"]

[Event "Titled Tuesday Blitz May 4 2021"]
[White "Garcia Garcia, Alejandro"]
[Black "Rakshitta, Ravi"]
[WhiteFideId "3516334"]
[BlackFideId "25073230"]
[WhiteElo "2131"]
[BlackElo "1873"]
[Result "1-0"]
[Round "05"]
[TimeControl "180+1"]
[Date "2021.05.04"]
[WhiteClock "0:00:36"]
[BlackClock "0:00:13"]

1. d4 Nf6 2. c4 Nc6 3. Nc3 e5 4. d5 Ne7 5. g3 Ng6 6. Bg2 Bc5 7. Nf3 d6 8. Na4 Bb6 9. Nxb6 axb6 10. O-O O-O 11. b3 Nd7 12. a4 f5 13. Bb2 Nf6 14. Ng5 Qe7 15. e3 h6 16. Ne6 Bxe6 17. dxe6 c6 18. Qh5 Kh7 19. Qxf5 Ne8 20. Qg4 Nf6 21. Qe2 Qxe6 22. Rad1 Rae8 23. Rd2 Qf5 24. e4 Qe6 25. Rfd1 Rd8 26. f3 Ne8 27. Rd3 Rd7 28. Qe3 c5 29. h4 Ne7 30. Kh2 Nc6 31. Bh3 Qe7 32. Bxd7 Qxd7 33. Rg1 Nd4 34. f4 Nc7 35. f5 Qe7 36. Bxd4 cxd4 37. Qe1 Na6 38. g4 Nc5 39. Rh3 Qd7 40. g5 Qc6 41. gxh6 gxh6 42. Qg3 Qd7 43. Qg6+ Kh8 44. Qxh6+ Qh7 45. Qxf8+ Qg8 46. Qxg8# 1-0


[Site "https://www.chess.com"]